Map: Solaris LE

Players

Creator

  • Race: Protoss Protoss
  • Spawn Location: 7:00

Firefly - Winner!

  • Race: Protoss Protoss
  • Spawn Location: 1:00

Event: IEM Katowice 2024

VOD

Have the link to the VOD?

Description

Time

  • Played on: Dec. 6, 2023, 4:18 a.m.
  • Length: 4:59

All games in this series

Show
View Real Time Build Order
Export as new Build Order

Creator Protoss 

Build Orders: Oracle Opening 

Get SALT Encoding   

  12  0:00  Probe  
  13  0:12  Probe  
  14  0:16  Pylon  
  14  0:24  Probe (Chrono Boost)  
  15  0:36  Probe (Chrono Boost)  
  15  0:38  Gateway  
  16  0:44  Probe (Chrono Boost)  
  16  0:45  Assimilator  
  17  0:51  Probe  
  18  0:58  Assimilator  
  18  1:03  Probe (Chrono Boost)  
  19  1:07  Gateway  
  19  1:12  Probe (Chrono Boost)  
  19  1:17  Probe (Chrono Boost)  
  21  1:27  Cybernetics Core  
  21  1:29  Probe  
  22  1:38  Pylon  
  22  1:42  Probe  
  22  1:54  Probe  
  23  2:03  Adept x2  
  23  2:04  Warp Gate  
  27  2:14  Pylon  
  27  2:20  Stargate  
  27  2:33  Adept x2  
  31  2:40  Probe  
  32  3:00  Oracle (Chrono Boost)  
  35  3:13  Nexus  
  35  3:20  Shield Battery  
  33  3:30  Oracle (Chrono Boost)  
  34  3:35  Pylon  
  34  3:38  Probe  
  35  3:47  Pylon  
  35  4:02  Pylon  
  35  4:05  Stalker  
  35  4:07  Stalker  
  39  4:11  Shield Battery  
Show
View Real Time Build Order
Export as new Build Order

Firefly Protoss - Winner!

Build Orders:  

Get SALT Encoding   

  12  0:00  Probe  
  13  0:12  Probe  
  14  0:17  Pylon  
  14  0:24  Probe  
  15  0:35  Gateway  
  15  0:37  Probe (Chrono Boost)  
  16  0:46  Assimilator  
  16  0:47  Probe (Chrono Boost)  
  17  0:51  Probe (Chrono Boost)  
  17  0:55  Assimilator  
  18  1:03  Probe (Chrono Boost)  
  19  1:08  Gateway  
  19  1:15  Probe (Chrono Boost)  
  20  1:23  Probe (Chrono Boost)  
  20  1:24  Cybernetics Core  
  21  1:35  Probe  
  22  1:41  Pylon  
  22  1:47  Probe  
  23  2:03  Warp Gate (Chrono Boost)  
  23  2:04  Stalker x2  
  27  2:10  Pylon  
  27  2:21  Pylon  
  27  2:34  Stalker x2  
  31  3:05  Nexus  
  31  3:06  Stalker  
  33  3:13  Stalker  
  35  3:29  Pylon  
  35  3:30  Probe  
  34  3:40  Shield Battery  
  34  3:42  Probe  
  35  3:48  Stalker  
  35  3:51  Stalker  
  35  3:54  Probe  
  35  4:11  Probe  
  35  4:16  Stalker  
  36  4:31  Stalker  
  36  4:37  Probe  
  37  4:43  Stalker  

Tags
 
Add a new tag
Caveats
  • Supply blocks, unpowered buildings, or Contaminate may cause inaccurate times.
  • Supply counts are checked every 10 seconds.